TOP OF THE 1ST |
Kingsport Mets batting - Pitching for Missoula Osprey : RHP Dan Thompson
|
Pitching: RHP Dan Thompson
|
|
Batting: RHB John Jones
|
0-0: Ball 1-0: Fly out, F9 (Line Drive, 9, EV 84.4 MPH)
|
Batting: RHB Josh Jones
|
0-0: Ball 1-0: Ball 2-0: SINGLE (Flyball, 8RS, EV 96.9 MPH)
|
Batting: RHB Steve Page
|
0-0: Called Strike Josh Jones steals 2nd base 0-1: Ball 1-1: Ground out 6-3 (Groundball, 6, EV 86.9 MPH) Josh Jones to third
|
Batting: RHB Kyle Holland
|
0-0: Called Strike 0-1: Swinging Strike 0-2: Ball 1-2: Ball 2-2: Ball Passed Ball! Josh Jones scores 3-2: Base on Balls
|
Batting: SHB Callum Lynch
|
0-0: Ball Kyle Holland steals 2nd base 1-0: Ground out U3 (Groundball, 3L, EV 104.4 MPH)
|
Top of the 1st over - 1 run, 1 hit, 0 errors, 1 left on base; Kingsport 1 - Missoula 0 |
BOTTOM OF THE 1ST |
Missoula Osprey batting - Pitching for Kingsport Mets : RHP Zhao-ying Joe
|
Pitching: RHP Zhao-ying Joe
|
|
Batting: SHB Roger Holmes
|
0-0: Called Strike 0-1: Ball 1-1: Hit by Pitch
|
Batting: RHB Paul Schreiber
|
0-0: Hit by Pitch Roger Holmes to second
|
Batting: SHB Evan Armagost
|
0-0: Ball 1-0: Ball 2-0: Called Strike 2-1: Fielders Choice at 2nd, 3-6 (Groundball, 34, EV 88.8 MPH) Roger Holmes to third
|
Batting: RHB Antonio Luisa
|
0-0: Ball Evan Armagost is caught stealing 2nd base 2-4 1-0: Ball 2-0: SINGLE (Groundball, 6MD, EV 99.4 MPH) Roger Holmes scores
|
Batting: LHB Enrique Ponce
|
0-0: Ball 1-0: Called Strike 1-1: Called Strike 1-2: Ball 2-2: Fly out, F7 (Flyball, 7LM, EV 90.0 MPH)
|
Bottom of the 1st over - 1 run, 1 hit, 0 errors, 1 left on base; Kingsport 1 - Missoula 1 |
TOP OF THE 2ND |
Kingsport Mets batting - Pitching for Missoula Osprey : RHP Dan Thompson
|
Batting: RHB Dan House
|
0-0: Called Strike 0-1: Ball 1-1: Swinging Strike 1-2: Strikes out looking
|
Batting: RHB Danny Runberg
|
0-0: Ground out 1-3 (Groundball, 25, EV 63.8 MPH)
|
Batting: RHB Jack Nickleberry
|
0-0: Called Strike 0-1: Ball 1-1: Ball 2-1: Called Strike 2-2: Ball 3-2: Base on Balls
|
Pitching: LHP Heath Henderson
|
|
Batting: LHB Mototsune Suzuki
|
0-0: Ball 1-0: Ball 2-0: Swinging Strike 2-1: Ball 3-1: Called Strike 3-2: Strikes out swinging
|
Top of the 2nd over - 0 runs, 0 hits, 0 errors, 1 left on base; Kingsport 1 - Missoula 1 |
BOTTOM OF THE 2ND |
Missoula Osprey batting - Pitching for Kingsport Mets : RHP Zhao-ying Joe
|
Batting: RHB Ernesto Zamora
|
0-0: Ground out 6-3 (Groundball, 56, EV 106.9 MPH)
|
Batting: SHB Lee Dillon
|
0-0: Ball 1-0: Foul Ball, location: 2F 1-1: Ball 2-1: Foul Ball, location: 2F 2-2: Foul Ball, location: 2F 2-2: Ball 3-2: Base on Balls
|
Batting: LHB Tae-geun Kwang
|
0-0: Ball 1-0: Swinging Strike 1-1: Swinging Strike 1-2: Strikes out looking
|
Batting: RHB Zach Espinosa
|
0-0: Called Strike 0-1: Fielders Choice at 2nd, 5-4 (Groundball, 56, EV 100.6 MPH)
|
Bottom of the 2nd over - 0 runs, 0 hits, 0 errors, 1 left on base; Kingsport 1 - Missoula 1 |
TOP OF THE 3RD |
Kingsport Mets batting - Pitching for Missoula Osprey : LHP Heath Henderson
|
Batting: RHB John Jones
|
0-0: Ball 1-0: Ball 2-0: Ball 3-0: Base on Balls
|
Batting: RHB Josh Jones
|
0-0: Called Strike 0-1: Ball Wild Pitch! John Jones to second 1-1: Fly out, F7 (Flyball, 7LM, EV 98.1 MPH)
|
Batting: RHB Steve Page
|
0-0: Ball 1-0: Ball 2-0: Called Strike 2-1: Swinging Strike 2-2: Strikes out swinging
|
Pitching: RHP Rick Foster
|
|
Batting: RHB Kyle Holland
|
0-0: Called Strike 0-1: Called Strike 0-2: Strikes out swinging
|
Top of the 3rd over - 0 runs, 0 hits, 0 errors, 1 left on base; Kingsport 1 - Missoula 1 |
BOTTOM OF THE 3RD |
Missoula Osprey batting - Pitching for Kingsport Mets : RHP Zhao-ying Joe
|
Batting: SHB Roger Holmes
|
0-0: Called Strike 0-1: Ball 1-1: Ground out U3 (Groundball, 34, EV 105.0 MPH)
|
Batting: RHB Paul Schreiber
|
0-0: Ball 1-0: Foul Ball, location: 2F 1-1: SINGLE (Line Drive, 9LM, EV 104.4 MPH)
|
Batting: SHB Evan Armagost
|
0-0: Fly out, F2 (Popup, 2LF, EV 88.1 MPH)
|
Batting: RHB Antonio Luisa
|
Balk! Paul Schreiber to second 0-0: Ball 1-0: Swinging Strike 1-1: Ball 2-1: Called Strike 2-2: Foul Ball, location: 2F 2-2: Ball 3-2: Base on Balls
|
Batting: LHB Enrique Ponce
|
0-0: Ground out U3 (Groundball, 3L, EV 106.9 MPH)
|
Bottom of the 3rd over - 0 runs, 1 hit, 0 errors, 2 left on base; Kingsport 1 - Missoula 1 |
TOP OF THE 4TH |
Kingsport Mets batting - Pitching for Missoula Osprey : RHP Rick Foster
|
Batting: SHB Callum Lynch
|
0-0: SINGLE (Line Drive, 89S, EV 105.0 MPH)
|
Batting: RHB Dan House
|
0-0: Ball 1-0: Swinging Strike 1-1: Called Strike 1-2: Grounds into double play, 6-4-3 (Groundball, 6MD, EV 103.8 MPH)
|
Batting: RHB Danny Runberg
|
0-0: Ball 1-0: Foul Ball, location: 2F 1-1: Ball 2-1: Swinging Strike 2-2: Ball 3-2: SINGLE (Flyball, 8LS, EV 93.1 MPH)
|
Batting: RHB Jack Nickleberry
|
0-0: Swinging Strike Balk! Danny Runberg to second 0-1: Called Strike 0-2: Foul Ball, location: 2F 0-2: SINGLE (Groundball, 25, EV 71.9 MPH) (infield hit) Danny Runberg to third
|
Pitching: RHP Alan Muth
|
|
Batting: LHB Mototsune Suzuki
|
0-0: Foul Ball, location: 2F 0-1: Ball 1-1: Ball Passed Ball! Danny Runberg scores Jack Nickleberry to second 2-1: Called Strike 2-2: Ball 3-2: Base on Balls
|
Batting: RHB John Jones
|
0-0: Ball 1-0: Ball 2-0: Foul Ball, location: 2F 2-1: Foul Ball, location: 2F 2-2: Ball 3-2: Strikes out swinging
|
Top of the 4th over - 1 run, 3 hits, 0 errors, 2 left on base; Kingsport 2 - Missoula 1 |
BOTTOM OF THE 4TH |
Missoula Osprey batting - Pitching for Kingsport Mets : RHP Zhao-ying Joe
|
Batting: RHB Ernesto Zamora
|
0-0: Swinging Strike 0-1: Foul Ball, location: 2F 0-2: Foul Ball, location: 2F 0-2: Ball 1-2: Foul Ball, location: 2F 1-2: Strikes out swinging
|
Batting: SHB Lee Dillon
|
0-0: Called Strike 0-1: Swinging Strike 0-2: Ball 1-2: Foul Ball, location: 2F 1-2: Ball 2-2: Fly out, F7 (Flyball, 7LS, EV 80.0 MPH)
|
Batting: LHB Tae-geun Kwang
|
0-0: Ball 1-0: Foul Ball, location: 2F 1-1: Ball 2-1: Foul Ball, location: 2F 2-2: Strikes out swinging
|
Bottom of the 4th over - 0 runs, 0 hits, 0 errors, 0 left on base; Kingsport 2 - Missoula 1 |
TOP OF THE 5TH |
Kingsport Mets batting - Pitching for Missoula Osprey : RHP Alan Muth
|
Batting: RHB Josh Jones
|
0-0: Ball 1-0: Ball 2-0: Ball 3-0: Base on Balls
|
Batting: RHB Steve Page
|
0-0: Ball 1-0: Called Strike Josh Jones steals 2nd base 1-1: Ball 2-1: Ball 3-1: Swinging Strike 3-2: Foul Ball, location: 2F 3-2: Base on Balls
|
Pitching: RHP John Petersen
|
|
Batting: RHB Kyle Holland
|
0-0: Called Strike 0-1: Ball 1-1: Swinging Strike 1-2: DOUBLE (Line Drive, 89D, EV 108.8 MPH) Josh Jones scores Steve Page to third
|
Batting: SHB Callum Lynch
|
0-0: Ball 1-0: Called Strike 1-1: Called Strike 1-2: Foul Ball, location: 2F 1-2: Ball 2-2: Foul Ball, location: 2F 2-2: Ball 3-2: Ground out 5-3 (Groundball, 56, EV 105.6 MPH) Steve Page scores
|
Batting: RHB Dan House
|
0-0: Foul Ball, location: 2F 0-1: Fly out, F4 (Popup, 4, EV 65.6 MPH)
|
Batting: RHB Danny Runberg
|
0-0: Called Strike 0-1: Ball 1-1: SINGLE (Flyball, 78S, EV 85.0 MPH) Kyle Holland to third Runner from 3rd tries for Home, SAFE, throw by LF to home
|
Now in LF: Omar Marquez
|
|
Batting: RHB Jack Nickleberry
|
0-0: Called Strike 0-1: Ball 1-1: Ball 2-1: Ball Wild Pitch! Danny Runberg to second 3-1: Foul Ball, location: 2F 3-2: Base on Balls
|
Pitching: RHP Tom Alatas
|
|
Batting: LHB Mototsune Suzuki
|
0-0: Ball 1-0: Ball 2-0: Called Strike 2-1: Foul Ball, location: 2F 2-2: Ball 3-2: SINGLE (Groundball, 4MD, EV 96.2 MPH) Danny Runberg to third Jack Nickleberry to second Danny Runberg scores Jack Nickleberry to third
|
Batting: RHB John Jones
|
0-0: Ball 1-0: Ball 2-0: Ball 3-0: Called Strike 3-1: Swinging Strike 3-2: Base on Balls Mototsune Suzuki to second
|
Batting: RHB Josh Jones
|
0-0: Ball 1-0: Called Strike 1-1: Ball 2-1: Called Strike 2-2: Fly out, F8 (Flyball, 8RD, EV 109.4 MPH)
|
Top of the 5th over - 4 runs, 3 hits, 0 errors, 3 left on base; Kingsport 6 - Missoula 1 |
BOTTOM OF THE 5TH |
Missoula Osprey batting - Pitching for Kingsport Mets : RHP Zhao-ying Joe
|
Batting: RHB Zach Espinosa
|
0-0: Ball 1-0: Called Strike 1-1: Ball 2-1: Called Strike 2-2: Ball 3-2: Ground out 4-3 (Groundball, 4MD, EV 108.8 MPH)
|
Batting: SHB Roger Holmes
|
0-0: SOLO HOME RUN (Flyball, 89XD, EV 108.1 MPH), Distance : 400 ft
|
Batting: RHB Paul Schreiber
|
0-0: Ball 1-0: Ball 2-0: Ball 3-0: Called Strike 3-1: Foul Ball, location: 2F 3-2: Base on Balls
|
Batting: SHB Evan Armagost
|
0-0: Ball 1-0: Called Strike 1-1: Swinging Strike 1-2: Foul Ball, location: 2F 1-2: Strikes out swinging
|
Batting: RHB Antonio Luisa
|
0-0: Ball 1-0: Ground out 6-3 (Groundball, 6S, EV 81.2 MPH)
|
Bottom of the 5th over - 1 run, 1 hit, 0 errors, 1 left on base; Kingsport 6 - Missoula 2 |
TOP OF THE 6TH |
Kingsport Mets batting - Pitching for Missoula Osprey : RHP Tom Alatas
|
Batting: RHB Steve Page
|
0-0: Ball 1-0: Ball 2-0: Foul Ball, location: 2F 2-1: SINGLE (Groundball, 6MD, EV 95.0 MPH)
|
Batting: RHB Kyle Holland
|
0-0: Ball 1-0: Ball 2-0: Foul Ball, location: 2F 2-1: Grounds into double play, 4-6-3 (Groundball, 4, EV 86.2 MPH)
|
Batting: SHB Callum Lynch
|
0-0: Ball 1-0: Ball 2-0: Called Strike 2-1: Ball 3-1: Base on Balls
|
Batting: RHB Dan House
|
0-0: Called Strike 0-1: Foul Ball, location: 2F 0-2: 2-RUN HOME RUN (Flyball, 78XD, EV 100.0 MPH), Distance : 381 ft
|
Batting: RHB Danny Runberg
|
0-0: Foul Ball, location: 2F 0-1: SOLO HOME RUN (Flyball, 78XD, EV 104.4 MPH), Distance : 405 ft
|
Batting: RHB Jack Nickleberry
|
0-0: Ball 1-0: Ball 2-0: Ball 3-0: Base on Balls
|
Batting: LHB Mototsune Suzuki
|
0-0: Foul Ball, location: 2F 0-1: Ball 1-1: Ball 2-1: Foul Ball, location: 2F 2-2: Ball 3-2: Base on Balls Jack Nickleberry to second
|
Batting: RHB John Jones
|
0-0: Foul Ball, location: 2F 0-1: Foul Ball, location: 2F 0-2: Ball 1-2: Ball 2-2: Ball 3-2: Foul Ball, location: 2F 3-2: Base on Balls Jack Nickleberry to third Mototsune Suzuki to second
|
Batting: RHB Josh Jones
|
0-0: SINGLE (Line Drive, 9S, EV 93.1 MPH) Jack Nickleberry scores Mototsune Suzuki to third John Jones to second
|
Batting: RHB Steve Page
|
0-0: Ball 1-0: Fly out, F8 (Line Drive, 8LD, EV 91.2 MPH)
|
Top of the 6th over - 4 runs, 4 hits, 0 errors, 3 left on base; Kingsport 10 - Missoula 2 |
BOTTOM OF THE 6TH |
Missoula Osprey batting - Pitching for Kingsport Mets : RHP Zhao-ying Joe
|
Batting: LHB Enrique Ponce
|
0-0: Called Strike 0-1: Swinging Strike 0-2: Strikes out swinging
|
Batting: RHB Ernesto Zamora
|
0-0: Foul Ball, location: 2F 0-1: Swinging Strike 0-2: Foul Ball, location: 2F 0-2: Strikes out swinging
|
Batting: SHB Lee Dillon
|
0-0: Ball 1-0: Ball 2-0: Ball 3-0: Called Strike 3-1: Foul Ball, location: 2F 3-2: Base on Balls
|
Batting: LHB Omar Marquez
|
0-0: Ball 1-0: Called Strike 1-1: Called Strike 1-2: Fly out, F7 (Flyball, 78D, EV 90.6 MPH)
|
Bottom of the 6th over - 0 runs, 0 hits, 0 errors, 1 left on base; Kingsport 10 - Missoula 2 |
TOP OF THE 7TH |
Kingsport Mets batting - Pitching for Missoula Osprey : RHP Tom Alatas
|
Batting: RHB Kyle Holland
|
0-0: Ball 1-0: Ball 2-0: Called Strike 2-1: Called Strike 2-2: Ground out 5-3 (Groundball, 56, EV 88.1 MPH)
|
Batting: SHB Callum Lynch
|
0-0: Ball 1-0: Swinging Strike 1-1: Ball 2-1: Called Strike 2-2: Strikes out looking
|
Pitching: RHP Nate Spencer
|
|
Batting: RHB Dan House
|
0-0: Ball 1-0: Fly out, F8 (Flyball, 8LM, EV 96.2 MPH)
|
Top of the 7th over - 0 runs, 0 hits, 0 errors, 0 left on base; Kingsport 10 - Missoula 2 |
BOTTOM OF THE 7TH |
Missoula Osprey batting - Pitching for Kingsport Mets : RHP Zhao-ying Joe
|
Batting: RHB Zach Espinosa
|
0-0: Called Strike 0-1: Foul Ball, location: 2F 0-2: Foul Ball, location: 2F 0-2: Ball 1-2: Ground out 4-3 (Groundball, 4, EV 89.4 MPH)
|
Pinch Hitting: SHB Nate Neumann
|
0-0: Foul Ball, location: 2F 0-1: Swinging Strike 0-2: Ball 1-2: Ball 2-2: Fly out, F5 (Line Drive, 5, EV 68.1 MPH)
|
Batting: RHB Paul Schreiber
|
0-0: Ball 1-0: Ball 2-0: Ground out 4-3 (Groundball, 4MD, EV 106.2 MPH)
|
Bottom of the 7th over - 0 runs, 0 hits, 0 errors, 0 left on base; Kingsport 10 - Missoula 2 |
TOP OF THE 8TH |
Kingsport Mets batting - Pitching for Missoula Osprey : RHP Nate Spencer
|
Now at 2B: Sergio Manzanero
|
|
Batting: RHB Danny Runberg
|
0-0: Called Strike 0-1: Ball 1-1: Ball 2-1: Ball 3-1: Base on Balls
|
Batting: RHB Jack Nickleberry
|
0-0: Ball 1-0: Ball 2-0: Fly out, F8 (Flyball, 8RD, EV 103.8 MPH)
|
Batting: LHB Mototsune Suzuki
|
0-0: Ball 1-0: Ball 2-0: Called Strike 2-1: Ball 3-1: Foul Ball, location: 2F 3-2: Base on Balls Danny Runberg to second
|
Pinch Hitting: LHB Justin Engelhard
|
0-0: Called Strike 0-1: Ball 1-1: Ball 2-1: Ball 3-1: Base on Balls Danny Runberg to third Mototsune Suzuki to second
|
Batting: RHB Josh Jones
|
0-0: Ball 1-0: Ball 2-0: Fly out, F6 (Line Drive, 6, EV 70.0 MPH)
|
Batting: RHB Steve Page
|
0-0: Ball 1-0: Called Strike 1-1: Ball 2-1: Foul Ball, location: 2F 2-2: Ball 3-2: Base on Balls Danny Runberg scores Mototsune Suzuki to third Justin Engelhard to second
|
Batting: RHB Kyle Holland
|
0-0: Fielders Choice at 2nd, 6-4 (Groundball, 56, EV 87.5 MPH)
|
Top of the 8th over - 1 run, 0 hits, 0 errors, 3 left on base; Kingsport 11 - Missoula 2 |
BOTTOM OF THE 8TH |
Missoula Osprey batting - Pitching for Kingsport Mets : RHP Zhao-ying Joe
|
Pitching: RHP Danny Helm
|
|
Now in LF: Justin Engelhard
|
|
Batting: SHB Evan Armagost
|
0-0: Called Strike 0-1: Ball 1-1: Fly out, F6 (Line Drive, 6, EV 65.6 MPH)
|
Batting: RHB Antonio Luisa
|
0-0: Foul Ball, location: 2F 0-1: Called Strike 0-2: Ball 1-2: Foul Ball, location: 2F 1-2: Ground out 5-3 (Groundball, 56S, EV 77.5 MPH)
|
Batting: LHB Enrique Ponce
|
0-0: Ball 1-0: Ball 2-0: DOUBLE (Flyball, 8LXD, EV 108.8 MPH)
|
Batting: RHB Ernesto Zamora
|
0-0: Ball 1-0: Ball 2-0: Called Strike 2-1: Foul Ball, location: 2F 2-2: Ground out 4-3 (Groundball, 34, EV 96.2 MPH)
|
Bottom of the 8th over - 0 runs, 1 hit, 0 errors, 1 left on base; Kingsport 11 - Missoula 2 |
TOP OF THE 9TH |
Kingsport Mets batting - Pitching for Missoula Osprey : RHP Nate Spencer
|
Batting: SHB Callum Lynch
|
0-0: Ball 1-0: Ground out 2-3 (Groundball, 2L, EV 63.1 MPH)
|
Batting: RHB Dan House
|
0-0: Ball 1-0: Foul Ball, location: 2F 1-1: Foul Ball, location: 2F 1-2: Fly out, F8 (Line Drive, 8RM, EV 106.2 MPH)
|
Batting: RHB Danny Runberg
|
0-0: Called Strike 0-1: Ball 1-1: Fly out, F8 (Flyball, 8LS, EV 88.1 MPH)
|
Top of the 9th over - 0 runs, 0 hits, 0 errors, 0 left on base; Kingsport 11 - Missoula 2 |
BOTTOM OF THE 9TH |
Missoula Osprey batting - Pitching for Kingsport Mets : RHP Danny Helm
|
Batting: SHB Lee Dillon
|
0-0: Ball 1-0: Ball 2-0: Foul Ball, location: 2F 2-1: Foul Ball, location: 2F 2-2: Ball 3-2: SINGLE (Line Drive, 78M, EV 102.5 MPH)
|
Pitching: LHP Mike Mathews
|
|
Batting: LHB Omar Marquez
|
0-0: Called Strike 0-1: Ball 1-1: Ball 2-1: Foul Ball, location: 2F 2-2: Ball 3-2: Fielders Choice at 2nd, 2-6 (Groundball, 2R, EV 65.6 MPH)
|
Batting: RHB Zach Espinosa
|
0-0: Ball 1-0: Called Strike 1-1: Foul Ball, location: 2F 1-2: Strikes out swinging
|
Batting: RHB Sergio Manzanero
|
0-0: Ball Pickoff Throw to First - Out! 1-3
|
Bottom of the 9th over - 0 runs, 1 hit, 0 errors, 0 left on base; Kingsport 11 - Missoula 2 |
|